 Dungeon Crawl Stone Soup version 0.23.2-40-g277498a001 (webtiles) character file.

Game seed: 17035056190831980309

1276 OrcJesus the Sneak (level 8, -1/39 HPs)
             Began as a Spriggan Enchanter on Aug 26, 2019.
             Was an Initiate of Gozag.
             Slain by Pikel
             ... wielding a +2 whip of electrocution
              (6 damage)
             ... on level 5 of the Dungeon.
             The game lasted 00:26:06 (6744 turns).

OrcJesus the Sneak (Spriggan Enchanter)             Turns: 6744, Time: 00:26:10

Health: -1/39      AC:  2    Str:  4    XL:     8   Next: 29%
Magic:  5/18       EV: 18    Int: 18    God:    Gozag
Gold:   483        SH:  4    Dex: 17    Spells: 10/19 levels left

rFire    . . .     SeeInvis +   g - +3 dagger
rCold    + . .     Gourm    .   (shield restricted)
rNeg     . . .     Faith    .   b - +0 robe
rPois    .         Spirit   .   (helmet restricted)
rElec    .         Reflect  +   (no cloak)
rCorr    .         Harm     .   (gloves unavailable)
MR       +....                  (boots unavailable)
Stlth    ++++......             i - +4 amulet of reflection
HPRegen  0.13/turn              q - ring of protection from cold
MPRegen  0.16/turn              (no ring)

@: gold aura, very quick
A: very small, unfitting armour, see invisible, herbivore, speed 3, slow
metabolism 2
a: Potion Petition, Call Merchant, Bribe Branch, Renounce Religion


You were on level 5 of the Dungeon.
You worshipped Gozag.
Gozag was aware of your devotion.
You were very hungry.

You visited 1 branch of the dungeon, and saw 5 of its levels.
You also visited: Sewer.

You collected 545 gold pieces.
You paid 62 gold pieces to Gozag.

Inventory:

Hand Weapons
 a - a +1 dagger
 g - a +3 dagger (weapon)
Missiles
 o - 2 throwing nets (quivered)
Armour
 b - a +0 robe (worn)
Jewellery
 i - a +4 amulet of reflection (around neck)
 q - a ring of protection from cold (left hand)
Wands
 s - a wand of polymorph (5)
 t - a wand of acid (6)
 v - a wand of digging (6)
 w - a wand of random effects (7)
Scrolls
 e - 4 scrolls of remove curse
 f - 2 scrolls of teleportation
 j - 3 scrolls of noise {unknown}
 k - 4 scrolls of identify {unknown}
 p - 4 scrolls of enchant weapon {unknown}
 u - 2 scrolls of random uselessness {unknown}
 x - a scroll of enchant armour {unknown}
Potions
 c - a potion of invisibility {unknown}
 h - a potion of agility
 l - a potion of resistance {unknown}
 m - a potion of heal wounds {unknown}
 n - a potion of flight {unknown}
 r - a potion of degeneration {unknown}
Comestibles
 d - 3 rations


   Skills:
 + Level 2.9 Fighting
 + Level 4.7 Short Blades
 - Level 3.0 Dodging
 + Level 7.5 Stealth
 - Level 6.0 Spellcasting
 - Level 6.0 Hexes
 - Level 3.0 Ice Magic


You had 10 spell levels left.
You knew the following spells:

 Your Spells              Type           Power        Failure   Level  Hunger
a - Ensorcelled Hibernat  Hex/Ice        ###...       2%          2    None
c - Confuse               Hex            ####....     3%          3    ##.....
z - Dazzling Spray        Conj/Hex       ###...       11%         3    ##.....
A - Corona                Hex            ####...      1%          1    None

Your spell library contained the following spells:

 Spells                   Type           Power        Failure   Level  Hunger
 Tukima's Dance           Hex            ####....     3%          3    ##.....


Dungeon Overview and Level Annotations

Branches:
Dungeon (5/15)
 Temple: D:4-7

Altars:
Gozag
Hepliaklqana
Makhleb
Nemelex Xobeh
Qazlal
Vehumet
Wu Jian
Yredelemnul
Zin

Annotations:
D:5 Pikel


Innate Abilities, Weirdness & Mutations

You are very small and have problems with some larger weapons.
You are too small for most types of armour.
You have supernaturally acute eyesight. (SInv)
You are a herbivore.
You cover ground extremely quickly.
You need to consume almost no food.


Message History

The centaur resists with some effort.
The centaur barely misses you. The slave barely misses you.
A slave comes into view.
The centaur hits you.
Casting: Ensorcelled Hibernation (safe; 2% risk of failure)
Confirm with . or Enter, or press ? or * to list all spells.
Aiming: Ensorcelled Hibernation (safe; 2% risk of failure)
Press: ? - help, Shift-Dir - straight line, f/p - centaur
Aim: a centaur (chance to defeat MR: 50%)
The centaur looks drowsy...
The slave misses you.
Pikel hits you with a +2 whip of electrocution.
You are electrocuted!
* * * LOW HITPOINT WARNING * * *
The helpless centaur fails to defend itself.
You skewer the centaur like a kebab!!!
You kill the centaur!
The slave misses you.
Pikel hits you with a +2 whip of electrocution.
You die...
Your body crumbles into a pile of gold.

'.......#.####### ##
#.......#.......#####.
#.......#.............
#.......#.............
#.......#.............
#.......#............#
#########.#.####.......#
..p.ppK........'.......'
#####p@###.####.......#
#$..#### #.......#
E#...#E #########
###...### #.........#
......_......
#...........###
#..###...####


You could see a water elemental, Pikel, an air elemental and 4 slaves.

Vanquished Creatures
  Eustachio (D:4)
  Menkaure (D:5)
  Purgy (Sewer)
  2 phantoms (D:5)
  3 centaurs (D:5)
  A scorpion (D:4)
  A hound (D:2)
  Ijyb (D:3)
  An iguana (D:5)
  An orc wizard (D:5)
  A worker ant (D:4)
  3 gnolls (D:5)
  11 adders
  5 river rats (D:5)
  2 shadow imps
  9 worms
  A dart slug (D:2)
  4 leopard geckos
  2 orcs (D:5)
  3 ball pythons
  4 bats
  4 giant cockroaches
  12 goblins
  2 hobgoblins
  16 jackals
  A quokka (D:2)
  2 frilled lizards
  9 kobolds
  12 rats
116 creatures vanquished.

Notes
Turn   | Place    | Note
-------+----------+-------------------------------------------
     0 | D:1      | OrcJesus the Spriggan Enchanter began the quest for the
                  | Orb.
     0 | D:1      | Reached XP level 1. HP: 9/9 MP: 5/5
   530 | D:1      | Reached XP level 2. HP: 13/13 MP: 6/6
   534 | D:1      | Learned a level 2 spell: Ensorcelled Hibernation
  1299 | D:2      | Found a hazy altar of Hepliaklqana.
  1364 | D:2      | Reached XP level 3. HP: 5/16 MP: 9/9
  1620 | D:2      | Learned a level 3 spell: Confuse
  1624 | D:2      | Learned a level 3 spell: Dazzling Spray
  1940 | D:2      | Found a faded altar of an unknown god.
  2376 | D:2      | Reached XP level 4. HP: 21/21 MP: 11/11
  2382 | D:2      | Reached skill level 5 in Spellcasting
  2553 | D:2      | Found a burning altar of Makhleb.
  2828 | D:3      | Reached XP level 5. HP: 24/24 MP: 8/14
  2923 | D:3      | Found a basalt altar of Yredelemnul.
  3039 | D:3      | Noticed Ijyb
  3046 | D:3      | Killed Ijyb
  3449 | D:4      | Noticed Eustachio
  3468 | D:4      | Killed Eustachio
  3468 | D:4      | Reached skill level 5 in Hexes
  3468 | D:4      | Reached XP level 6. HP: 16/28 MP: 1/16
  3760 | D:4      | Found a sparkling altar of Nemelex Xobeh.
  4194 | D:4      | Found an ornate altar of the Wu Jian Council.
  4200 | D:4      | Found a radiant altar of Vehumet.
  4204 | D:4      | Found a glowing silver altar of Zin.
  4251 | D:4      | Found an opulent altar of Gozag.
  4256 | D:4      | Became a worshipper of Gozag Ym Sagoz the Greedy
  4321 | D:5      | Entered Level 5 of the Dungeon
  4338 | D:5      | Noticed Menkaure
  4398 | D:5      | Found a glowing drain.
  4416 | Sewer    | Entered a sewer
  4419 | Sewer    | Noticed Purgy
  4726 | Sewer    | Killed Purgy
  4726 | Sewer    | Reached XP level 7. HP: 14/32 MP: 12/17
  5722 | D:5      | Reached skill level 1 in Fighting
  5722 | D:5      | Reached skill level 5 in Stealth
  6030 | D:5      | Reached skill level 6 in Stealth
  6340 | D:5      | HP: 1/35 [centaur (9)]
  6343 | D:5      | Reached XP level 8. HP: 2/39 MP: 12/18
  6711 | D:5      | Killed Menkaure
  6711 | D:5      | Reached skill level 7 in Stealth
  6735 | D:5      | Found a stormy altar of Qazlal.
  6736 | D:5      | Noticed an air elemental
  6736 | D:5      | Noticed Pikel
  6744 | D:5      | Slain by Pikel

Skill      XL: |  1  2  3  4  5  6  7  8 |
---------------+-------------------------+-----
Short Blades   | 2 4 |  4.7
Spellcasting   | 3 4 5 6 |  6.0
Hexes          | 5 6 |  6.0
Ice Magic      | 2 3 |  3.0
Fighting       | 2 |  2.9
Stealth        | 6 7 |  7.5
Dodging        | |  3.0

Action                   |  1- 3 |  4- 6 |  7- 9 || total
-------------------------+-------+-------+-------++-------
Melee: Dagger            |   170 |   112 |   124 ||   406
 Cast: Ensorcelled Hiber |    11 |    21 |    43 ||    75
       Confuse           |       |     2 |    11 ||    13
  Use: Potion            |       |     3 |     1 ||     4
       Scroll            |       |     3 |       ||     3
 Stab: Sleeping          |    11 |    20 |    25 ||    56
       Distracted        |     1 |     1 |     2 ||     4
       Confused          |       |     3 |     4 ||     7
  Eat: Ration            |       |     1 |     1 ||     2
Armor: Robe              |    16 |    15 |     4 ||    35
Dodge: Dodged            |   116 |   173 |    76 ||   365
Block: Other             |    11 |    40 |    20 ||    71
       Reflection        |       |       |     1 ||     1
